2811 views
Uploaded 2020-03-07 15:46:10
Game version 1.32.2
6:42 long 3on3 ladder game on (6)StranglethornVale
Saved by BEARAND
2811 views
Uploaded 2020-03-07 15:46:10
Game version 1.32.2
6:42 long 3on3 ladder game on (6)StranglethornVale


/ 0k
27 buildings @ 3.7k
/ 1k

| Acolyte | 8 | 600 | / | 0 |
| Ghoul | 5 | 600 | / | 0 |
| total: | 13 | 1200g | / | 0w |
| Ziggurat | 3 | 450 | / | 150 |
| Crypt | 2 | 400 | / | 100 |
| Altar of Darkness | 1 | 180 | / | 50 |
| total: | 6 | 1030g | / | 300w |
| 0:08 | Acolyte |
| 0:08 | Acolyte |
| 0:28 | Acolyte |
| 0:46 | Ziggurat |
| 0:56 | Ziggurat |
| 1:04 | Crypt |
| 1:11 | Crypt |
| 1:20 | Ziggurat |
| 1:44 | Altar of Darkness |
| 2:14 | Ghoul |
| 2:14 | Ghoul |
| 2:15 | Ghoul |
| 3:06 | Ghoul |
| 3:06 | Ghoul |
| 3:25 | Acolyte |
| 3:25 | Acolyte |
| 3:26 | Acolyte |
| 3:26 | Acolyte |
| 3:26 | Acolyte |
| 5:10 | Death Coil |
| Right click | 29 |
| Select | 29 |
| Build/train/purchase | 15 |
| Use ability | 1 |

| Peasant | 7 | 525 | / | 0 |
| Footman | 5 | 675 | / | 0 |
| total: | 12 | 1200g | / | 0w |
| Scout Tower | 1 | 30 | / | 20 |
| Guard Tower | 1 | 70 | / | 50 |
| Altar of Kings | 2 | 360 | / | 100 |
| Farm | 7 | 560 | / | 140 |
| Barracks | 1 | 160 | / | 60 |
| Lumber Mill | 1 | 120 | / | 0 |
| Blacksmith | 1 | 140 | / | 60 |
| Arcane Vault | 1 | 130 | / | 30 |
| Keep | 2 | 640 | / | 420 |
| total: | 14 | 1500g | / | 410w |
| 0:03 | Peasant |
| 0:03 | Peasant |
| 0:03 | Peasant |
| 0:07 | Altar of Kings |
| 0:20 | Altar of Kings |
| 0:22 | Farm |
| 0:27 | Peasant |
| 0:34 | Farm |
| 0:39 | Barracks |
| 1:18 | Peasant |
| 1:18 | Peasant |
| 1:30 | Farm |
| 1:41 | Scout Tower |
| 1:43 | Footman |
| 1:46 | Peasant |
| 2:07 | Footman |
| 2:11 | Farm |
| 2:12 | Farm |
| 2:25 | Farm |
| 2:26 | Farm |
| 2:33 | Summon Water Elemental |
| 2:48 | Lumber Mill |
| 3:18 | Blacksmith |
| 3:21 | Footman |
| 3:21 | Footman |
| 3:54 | Keep |
| 3:58 | Footman |
| 4:21 | Guard Tower |
| 4:49 | Brilliance Aura |
| 5:08 | Arcane Vault |
| Right click | 194 |
| Select | 90 |
| Build/train/purchase | 25 |
| Select group | 24 |
| Misc. action | 9 |
| Assign group | 8 |

| Peon | 7 | 525 | / | 0 |
| Grunt | 5 | 1000 | / | 0 |
| total: | 12 | 1525g | / | 0w |
| Watch Tower | 1 | 110 | / | 80 |
| Altar of Storms | 1 | 180 | / | 50 |
| Orc Burrow | 3 | 480 | / | 120 |
| Barracks | 1 | 180 | / | 50 |
| War Mill | 1 | 205 | / | 0 |
| Stronghold | 1 | 315 | / | 190 |
| total: | 7 | 1155g | / | 300w |
| 0:11 | Peon |
| 0:11 | Peon |
| 0:11 | Peon |
| 0:11 | Peon |
| 0:30 | Altar of Storms |
| 0:43 | Orc Burrow |
| 0:59 | Barracks |
| 1:14 | Peon |
| 1:40 | Orc Burrow |
| 1:50 | War Mill |
| 1:54 | Peon |
| 2:07 | Grunt |
| 2:15 | Peon |
| 2:33 | Feral Spirit |
| 3:31 | Stronghold |
| 3:46 | Grunt |
| 4:04 | Orc Burrow |
| 4:31 | Grunt |
| 4:33 | Grunt |
| 4:53 | Grunt |
| 5:04 | Watch Tower |
| Right click | 170 |
| Select | 75 |
| Chat | 44 |
| Build/train/purchase | 18 |
| Minimap ping | 3 |
40 units @ 3.3k
/ 0.1k
57 buildings @ 4.5k
/ 2.1k
⇛
iggythefisk
(6:41) : 
| Boots of Speed | 1 | 250 |
| Periapt of Vitality | 1 | 325 |
| total: | 2 | 575g |
| Peasant | 14 | 1050 | / | 0 |
| Goblin Shredder | 1 | 375 | / | 100 |
| total: | 15 | 1425g | / | 100w |
| Scout Tower | 7 | 210 | / | 140 |
| Arcane Tower | 1 | 70 | / | 50 |
| Guard Tower | 5 | 350 | / | 250 |
| Altar of Kings | 1 | 180 | / | 50 |
| Lumber Mill | 1 | 120 | / | 0 |
| Farm | 5 | 400 | / | 100 |
| Keep | 1 | 320 | / | 210 |
| total: | 14 | 910g | / | 290w |
| 0:01 | Peasant |
| 0:04 | Altar of Kings |
| 0:06 | Peasant |
| 0:18 | Lumber Mill |
| 0:19 | Peasant |
| 0:32 | Farm |
| 0:38 | Peasant |
| 0:48 | Peasant |
| 0:53 | Farm |
| 1:01 | Scout Tower |
| 1:04 | Peasant |
| 1:08 | Peasant |
| 1:16 | Peasant |
| 1:28 | Arcane Tower |
| 1:32 | Scout Tower |
| 1:33 | Peasant |
| 1:42 | Peasant |
| 1:53 | Improved Masonry |
| 2:08 | Scout Tower |
| 2:10 | Blizzard |
| 2:30 | Guard Tower |
| 2:32 | Peasant |
| 2:32 | Peasant |
| 3:00 | Scout Tower |
| 3:01 | Scout Tower |
| 3:06 | Peasant |
| 3:08 | Peasant |
| 3:32 | Guard Tower |
| 3:33 | Guard Tower |
| 4:08 | Keep |
| 4:19 | Guard Tower |
| 4:20 | Scout Tower |
| 4:20 | Scout Tower |
| 4:28 | Boots of Speed |
| 4:29 | Periapt of Vitality |
| 5:01 | Brilliance Aura |
| 5:42 | Guard Tower |
| 5:48 | Farm |
| 5:49 | Farm |
| 5:49 | Farm |
| 6:29 | Goblin Shredder |
| Right click | 396 |
| Assign group | 331 |
| Build/train/purchase | 121 |
| Select group | 104 |
| Select | 69 |
| Chat | 13 |
| Resource trade | 5 |
| Misc. action | 4 |
| Use ability | 2 |
| Item give/drop | 1 |

| Lesser Clarity Potion | 1 | 70 |
| Boots of Speed | 1 | 250 |
| Staff of Teleportation | 1 | 150 |
| Healing Salve | 1 | 100 |
| total: | 4 | 570g |
| Peasant | 14 | 1050 | / | 0 |
| total: | 14 | 1050g | / | 0w |
| Scout Tower | 18 | 540 | / | 360 |
| Arcane Tower | 1 | 70 | / | 50 |
| Guard Tower | 14 | 980 | / | 700 |
| Altar of Kings | 1 | 180 | / | 50 |
| Farm | 3 | 240 | / | 60 |
| Lumber Mill | 1 | 120 | / | 0 |
| Arcane Vault | 1 | 130 | / | 30 |
| Keep | 1 | 320 | / | 210 |
| total: | 24 | 1210g | / | 500w |
| 0:01 | Peasant |
| 0:01 | Peasant |
| 0:09 | Altar of Kings |
| 0:12 | Peasant |
| 0:17 | Farm |
| 0:38 | Peasant |
| 0:42 | Peasant |
| 0:52 | Lumber Mill |
| 0:54 | Peasant |
| 1:03 | Peasant |
| 1:13 | Peasant |
| 1:26 | Scout Tower |
| 1:27 | Scout Tower |
| 1:34 | Farm |
| 1:35 | Peasant |
| 1:36 | Peasant |
| 1:36 | Peasant |
| 1:52 | Arcane Tower |
| 2:04 | Guard Tower |
| 2:08 | Blizzard |
| 2:11 | Scout Tower |
| 2:20 | Scout Tower |
| 2:29 | Peasant |
| 2:30 | Peasant |
| 2:49 | Guard Tower |
| 2:51 | Scout Tower |
| 2:52 | Scout Tower |
| 3:04 | Peasant |
| 3:19 | Guard Tower |
| 3:20 | Scout Tower |
| 3:22 | Scout Tower |
| 3:42 | Keep |
| 4:05 | Scout Tower |
| 4:08 | Scout Tower |
| 4:11 | Boots of Speed |
| 4:11 | Staff of Teleportation |
| 4:21 | Arcane Vault |
| 4:49 | Guard Tower |
| 4:49 | Guard Tower |
| 4:50 | Scout Tower |
| 4:51 | Scout Tower |
| 5:31 | Guard Tower |
| 5:32 | Scout Tower |
| 5:33 | Scout Tower |
| 5:38 | Guard Tower |
| 5:48 | Healing Salve |
| 5:50 | Lesser Clarity Potion |
| 5:58 | Farm |
| 5:59 | Scout Tower |
| 6:04 | Guard Tower |
| 6:04 | Guard Tower |
| 6:10 | Scout Tower |
| 6:11 | Scout Tower |
| 6:13 | Scout Tower |
| Right click | 443 |
| Select | 112 |
| Build/train/purchase | 55 |
| Select group | 13 |
| Chat | 8 |
| Use ability | 7 |
| Assign group | 6 |
| Resource trade | 4 |
| Misc. action | 1 |
| Minimap ping | 1 |

| Healing Salve | 2 | 200 |
| Lesser Clarity Potion | 1 | 70 |
| Staff of Teleportation | 1 | 150 |
| Boots of Speed | 1 | 250 |
| Circlet of Nobility | 1 | 175 |
| total: | 6 | 845g |
| Peon | 11 | 825 | / | 0 |
| total: | 11 | 825g | / | 0w |
| Watch Tower | 14 | 1540 | / | 1120 |
| Altar of Storms | 1 | 180 | / | 50 |
| Orc Burrow | 2 | 320 | / | 80 |
| War Mill | 1 | 205 | / | 0 |
| Voodoo Lounge | 1 | 130 | / | 30 |
| Stronghold | 1 | 315 | / | 190 |
| total: | 19 | 2375g | / | 1280w |
| 0:04 | Peon |
| 0:04 | Peon |
| 0:08 | Altar of Storms |
| 0:10 | Orc Burrow |
| 0:16 | Peon |
| 0:43 | War Mill |
| 0:49 | Peon |
| 0:50 | Peon |
| 1:05 | Voodoo Lounge |
| 1:28 | Peon |
| 1:28 | Peon |
| 1:28 | Peon |
| 1:47 | Peon |
| 2:07 | Wind Walk |
| 2:10 | Watch Tower |
| 2:16 | Peon |
| 2:16 | Peon |
| 2:34 | Watch Tower |
| 3:17 | Spiked Barricades |
| 3:35 | Watch Tower |
| 3:36 | Watch Tower |
| 4:04 | Orc Burrow |
| 4:13 | Staff of Teleportation |
| 4:13 | Boots of Speed |
| 4:13 | Circlet of Nobility |
| 4:20 | Healing Salve |
| 4:21 | Healing Salve |
| 4:21 | Lesser Clarity Potion |
| 4:26 | Watch Tower |
| 4:44 | Watch Tower |
| 4:45 | Watch Tower |
| 5:21 | Watch Tower |
| 5:22 | Watch Tower |
| 5:25 | Watch Tower |
| 5:25 | Watch Tower |
| 5:41 | Watch Tower |
| 5:50 | Watch Tower |
| 5:50 | Watch Tower |
| 5:52 | Critical Strike |
| 6:35 | Stronghold |
| Right click | 343 |
| Select group | 111 |
| Select | 51 |
| Build/train/purchase | 27 |
| Minimap ping | 15 |
| Chat | 8 |
| Use ability | 6 |
| Assign group | 3 |
| Misc. action | 3 |
| Item give/drop | 1 |